 Dungeon Crawl Stone Soup version 0.27-a0-1384-g1422d76b99 (webtiles) character file.

Game seed: 7796264452834143399

197402 dinky3 the Fighter (level 15, 109/109 (127) HPs)
             Began as a Vampire Delver on July 1, 2021.
             Was the Champion of Ru.
             Quit the game on level 1 of the Shoals.
             The game lasted 00:56:04 (39348 turns).

dinky3 the Fighter (Vampire Delver)                Turns: 39348, Time: 00:56:05

HP:   109/109 (127) AC: 32    Str: 16    XL:     15   Next: 77%
MP:   24/24         EV: 21    Int: 14    God:    Ru [******]
Gold: 341           SH:  0    Dex: 16    Spells: 11/14 levels left

rFire    + . .     SeeInvis +   b - +7 demon trident of the Shrike {vamp, *Slow +Rage rN+}
rCold    x . .     Faith    .   (shield unavailable)
rNeg     + . .     Spirit   .   F - +5 plate armour of Reason {rCorr}
rPois    .         Reflect  .   o - +2 helmet
rElec    .         Harm     .   n - +0 cloak
rCorr    +         Rampage  .   w - +2 pair of gloves
Will     +....                  E - +2 pair of boots
Stlth    +.........             u - amulet of the acrobat
HPRegen  0.48/turn              (ring unavailable)
MPRegen  0.19/turn              K - ring of Lurof {Fire MP+9}

@: acrobatic, healing quickly, studying Axes, heavily drained, very slow
A: alive, fangs 3, see invisible, missing a hand, inability to train dodging,
unskilled 1, inexperienced 1, vampiric 2
}: 1/15 runes: serpentine
a: Exsanguinate, Renounce Religion, Evoke Berserk Rage, Draw Out Power, Power
Leap, Apocalypse


You were on level 1 of the Shoals.
You worshipped Ru.
Ru was exalted by your worship.
You visited 5 branches of the dungeon, and saw 28 of its levels.
You also visited: Ossuary, Bailey and Volcano.

You collected 2804 gold pieces.
You spent 2463 gold pieces at shops.

Inventory:

Hand Weapons
 a - a +8 dagger of electrocution
 b - the +7 demon trident of the Shrike (weapon) {vamp, *Slow +Rage rN+}
   (You bought it in a shop on level 6 of the Dungeon)

   It inflicts no extra harm, but heals its wielder when it wounds a living foe.
   rN:        It protects you from negative energy.
   +Rage:     It lets you go berserk.
   *Slow:     It may slow you when you take damage.
 d - the +6 dagger of Neog {vorpal, Drain Fly rElec Str+3}
   (You took it off a naga on level 2 of the Snake Pit)

   It inflicts extra damage upon your enemies.
   Str:       It affects your strength (+3).
   rElec:     It insulates you from electricity.
   Fly:       It grants you flight.
   Drain:     It drains your maximum health when unequipped.
Missiles
 G - 4 throwing nets (quivered)
 M - 8 curare-tipped darts
 W - 7 javelins
Armour
 m - a +0 crystal plate armour
 n - a +0 cloak (worn)
 o - a +2 helmet (worn)
 w - a +2 pair of gloves (worn)
 E - a +2 pair of boots (worn)
 F - the +5 plate armour of Reason (worn) {rCorr}
   (You bought it in a shop on level 2 of the Orcish Mines)

   rCorr:     It protects you from acid and corrosion.
 X - a scarf of invisibility
Jewellery
 j - a +6 ring of strength
 u - an amulet of the acrobat (around neck)
 K - the ring of Lurof (right hand) {Fire MP+9}
   (You found it on level 1 of the Lair of Beasts)

   [ring of fire]

   It enhances your fire magic.rF: It protects you from fire.
   rC:        It makes you vulnerable to cold.
   MP:        It affects your magic capacity (+9).
Wands
 e - a wand of paralysis (4)
 g - a wand of digging (9)
 x - a wand of flame (177)
 H - a wand of iceblast (24)
 I - a wand of charming (15)
 P - a wand of mindburst (26)
 T - a wand of polymorph (2)
Scrolls
 c - 2 scrolls of fog
 h - 2 scrolls of brand weapon
 i - 11 scrolls of noise
 l - a scroll of silence
 p - 8 scrolls of amnesia
 v - 3 scrolls of immolation
 y - 12 scrolls of teleportation
 C - 2 scrolls of magic mapping
 D - 3 scrolls of enchant armour
 S - 6 scrolls of identify
 V - 4 scrolls of blinking
 Y - 2 scrolls of vulnerability
Potions
 f - 4 potions of haste
 q - 3 potions of attraction
 r - a potion of invisibility
 s - a potion of resistance
 t - a potion of cancellation
 z - 6 potions of might
 A - 2 potions of lignification
 B - 13 potions of curing
 J - 4 potions of flight
 L - 3 potions of heal wounds
 N - 3 potions of magic
 O - 2 potions of berserk rage
 Q - 4 potions of ambrosia
 R - 5 potions of brilliance
 Z - 7 potions of mutation
Miscellaneous
 k - a condenser vane
 U - a lightning rod (2/4)


   Skills:
 + Level 14.6 Fighting
 - Level 5.4 Short Blades
 * Level 13.8 Polearms
 + Level 11.2 Armour
 - Level 11.5 Stealth
 - Level 3.0 Hexes
 + Level 12.8 Evocations


You had 11 spell levels left.
You knew the following spells:

 Your Spells              Type           Power      Damage    Failure   Level
a - Confusing Touch       Hex            8%         N/A       100%        3

Your spell library contained the following spells:

 Spells                   Type           Power      Damage    Failure   Level
 Animate Skeleton         Necr           0%         N/A       100%        1
 Magic Dart               Conj           0%         1d3       100%        1
 Pain                     Necr           0%         1d4       100%        1
 Shock                    Conj/Air       0%         1d3       100%        1
 Sting                    Tmut/Pois      0%         1d3       100%        1
 Summon Small Mammal      Summ           0%         N/A       100%        1
 Call Imp                 Summ           0%         N/A       100%        2
 Corpse Rot               Necr/Air       N/A        N/A       100%        2
 Poisonous Vapours        Pois/Air       0%         N/A       100%        2
 Searing Ray              Conj           0%         3d3       100%        2
 Static Discharge         Conj/Air       0%         N/A       100%        2
 Call Canine Familiar     Summ           0%         N/A       100%        3
 Dazzling Flash           Conj/Hex       8%         N/A       100%        3
 Gell's Gravitas          Tloc           0%         N/A       100%        3
 Ignite Poison            Fire/Tmut/Pois 0%         N/A       100%        3
 Mephitic Cloud           Conj/Pois/Air  0%         N/A       100%        3
 Summon Guardian Golem    Hex/Summ       4%         N/A       100%        3
 Swiftness                Air            0%         N/A       100%        3
 Vampiric Draining        Necr           0%         2d6       100%        3
 Airstrike                Air            0%         N/A       100%        4
 Animate Dead             Necr           0%         N/A       100%        4
 Dispel Undead            Necr           0%         3d6       100%        4
 Fulminant Prism          Conj/Hex       2%         3d6       100%        4
 Ice Form                 Ice/Tmut       0%         N/A       100%        4
 Iskenderun's Mystic Bla  Conj/Tloc      0%         2d3       100%        4
 Olgreb's Toxic Radiance  Pois           0%         N/A       100%        4
 Petrify                  Tmut/Erth      0%         N/A       100%        4
 Summon Ice Beast         Ice/Summ       0%         N/A       100%        4
 Summon Lightning Spire   Summ/Air       0%         N/A       100%        4
 Agony                    Necr           0%         N/A       100%        5
 Excruciating Wounds      Necr           0%         N/A       100%        5
 Freezing Cloud           Conj/Ice/Air   0%         6-21      100%        5
 Lightning Bolt           Conj/Air       0%         1d11      100%        5
 Metabolic Englaciation   Hex/Ice        2%         N/A       100%        5
 Silence                  Hex/Air        2%         N/A       100%        5
 Yara's Violent Unravell  Hex/Tmut       2%         3d3       100%        5
 Conjure Ball Lightning   Conj/Air       0%         3x3d6     100%        6
 Simulacrum               Ice/Necr       0%         N/A       100%        6
 Ozocubu's Refrigeration  Ice            0%         4d5       100%        7
 Storm Form               Tmut/Air       0%         N/A       100%        7
 Ignition                 Fire           0%         3d3       100%        8
 Maxwell's Capacitive Co  Air            0%         ∞         100%        8
 Polar Vortex             Ice            0%         N/A       100%        9
 Shatter                  Erth           0%         3d5*      100%        9
 Sublimation of Blood     Necr           Unusable   N/A       N/A         2

Dungeon Overview and Level Annotations

Branches:
Dungeon (15/15)            Temple (0/1) D:7            Lair (6/6) D:8
 Shoals (1/4) Lair:3        Snake (4/4) Lair:3        Slime (0/5) Lair:6
    Orc (2/2) D:12            Elf (0/3) Orc:2        Vaults (0/5) D:13
 Depths (0/5) D:15        Ossuary (visited)          Bailey (visited)
Volcano (visited)

Altars:
Cheibriados
Fedhas
Gozag
Nemelex Xobeh
Okawaru
Ru
Vehumet
Zin
The Shining One
Jiyva

Shops:
D:6 *   Orc:1 (   Orc:2 [(::[   Snake:1 *   Snake:3 :

Portals:
Abyss: D:5

Annotations:
D:3 3 runed translucent doors, oc3rt's ghost, amateur KoHu
D:5 2 transporters, 1 runed translucent door, Crazy Yiuf; tasumai's ghost, novice GrBe
Abyss:1 Sonja


Innate Abilities, Weirdness & Mutations

Your natural rate of healing is accelerated.
You have razor-sharp teeth.
You have supernaturally acute eyesight. (SInv)
You are missing a hand.
You cannot train Dodging skill.
You are somewhat unskilled. (-1 Apt)
You are somewhat inexperienced. (-2 XL)
You are afflicted with vampirism and can become a bat while bloodless.


Message History

You puncture the snapping turtle!
The snapping turtle is severely wounded.
The snapping turtle bites you but does no damage.
You puncture the snapping turtle!
You bite the snapping turtle, but do no damage.
The snapping turtle is almost dead.
You hit the snapping turtle.
You feel better.
The snapping turtle is almost dead.
The snapping turtle bites you but does no damage.
You hit the snapping turtle.
The snapping turtle is almost dead.
The snapping turtle bites you but does no damage.
Your unstable footing causes you to fumble your attack.
You hit the snapping turtle but do no damage.
The snapping turtle is almost dead.
The snapping turtle bites you.
You focus your inner power and illuminate the snapping turtle in retribution!
Your unstable footing causes you to fumble your attack.
Your unstable footing causes you to fumble your attack.
The snapping turtle is no longer blind.
You puncture the snapping turtle!
You feel better.
You kill the snapping turtle!
No target in view!
No target in view!
No target in view!
No target in view!
No target in view!
No target in view!
No target in view!
No target in view!
No target in view!
No target in view!
No target in view!
No target in view!
No target in view!
You start resting.
HP restored.
Are you sure you want to abandon this character and quit the game? (Confirm with "yes".)
Okay, then.
Are you sure you want to abandon this character and quit the game? (Confirm with "yes".)

#### #
###..#####.. .
##.P...#.....
P..##.?.PPP....≈≈
≈≈....PP.$.≈≈....
P≈≈≈..†@≈<.≈≈≈≈≈.
≈≈≈..≈≈≈≈≈≈......
≈≈≈≈≈≈≈≈≈≈≈≈.###.
≈≈≈≈≈≈≈≈≈≈≈≈.#
≈≈≈≈≈≈≈≈≈..≈≈..
≈≈≈≈≈≈≈≈≈...≈..≈
≈≈≈≈≈≈≈......≈≈≈.
≈≈≈≈≈≈...##..≈≈≈≈


There were no monsters in sight!

Vanquished Creatures
  Vashnia (Snake:2)
  Nikola (Snake:2)
  Rupert (D:13)
  Gastronok (Lair:2)
  Donald (Snake:2)
  6 nagarajas
  Louise (Snake:2)
  Nessos (D:14)
  The ghost of DylanTheDylan the Grappler, a journeyman TrWz of Ru (Lair:1)
  15 naga warriors
  10 hydras
  Harold (D:7)
  A salamander tyrant (Snake:2)
  A boulder beetle (D:14)
  3 ogre magi
  5 anacondas
  An anaconda (shapeshifter) (D:14)
  2 catoblepae
  6 centaur warriors
  13 two-headed ogres
  A death yak (Lair:5)
  2 orc high priests (Orc:2)
  18 naga sharpshooters
  Urug (D:12)
  4 salamander mystics
  A fire crab (shapeshifter) (D:11)
  5 skeletal warriors
  A sea snake (Lair:3)
  6 naga ritualists
  2 lindwurms
  6 orc knights
  2 deep elf pyromancers
  6 mana vipers
  8 manticores
  20 ugly things
  14 salamanders
  4 orc sorcerers (Orc:2)
  3 cyclopes
  27 black mambas
  Maurice (D:13)
  4 guardian serpents
  30 naga magi
  A water nymph (Shoals:1)
  13 elephants
  2 torpor snails
  24 cane toads
  An unseen horror (D:13)
  Maggie (Lair:1)
  8 komodo dragons
  8 rime drakes
  An efreet (D:15)
  A queen bee (Lair:5)
  8 trolls
  3 meliai (Lair:5)
  2 hornets
  A polar bear (Lair:4)
  A wind drake (Lair:3)
  32 blink frogs
  4 tyrant leeches (Lair:6)
  16 dream sheep
  14 slime creatures
  Sigmund (D:5)
  A snapping turtle (Shoals:1)
  2 water elementals
  A spriggan (Lair:4)
  A vampire (D:10)
  4 wraiths
  32 yaks
  4 wyverns
  Grum (D:11)
  7 basilisks
  16 humans (D:13)
  4 steam dragons
  16 vampire mosquitoes
  A death yak simulacrum (Lair:1)
  A swamp worm (Snake:4)
  3 wargs
  42 nagas
  4 acid dragons
  10 water moccasins
  Duvessa (D:5)
  21 orc warriors
  An ice beast (D:6)
  A sky beast (D:5)
  2 necrophages
  2 black bears
  10 ogres
  21 centaurs
  14 wolves
  A phantom (D:6)
  A kobold brigand (D:7)
  30 bullfrogs
  An elf zombie (D:8)
  8 gnoll sergeants
  Dowan (D:5)
  An elf skeleton (D:8)
  A scorpion (D:5)
  2 blink frog simulacra (Lair:1)
  37 killer bees
  5 howler monkeys
  A torpor snail simulacrum (Lair:1)
  6 electric eels
  A bullfrog zombie (D:7)
  4 centaur zombies
  A wyvern simulacrum (Lair:1)
  A komodo dragon simulacrum (Lair:1)
  22 orc priests
  2 jellies
  2 centaur skeletons
  5 gnoll shamans (Bailey)
  5 hounds
  A bullfrog skeleton (D:6)
  An iguana (D:5)
  2 human skeletons (D:8)
  Natasha (thrice) (D:3)
  24 orc wizards
  A hell rat (Lair:5)
  A yak simulacrum (Lair:1)
  A bullfrog simulacrum (Lair:1)
  A black bear simulacrum (Lair:1)
  A hound zombie (Ossuary)
  A hound skeleton (D:5)
  4 mummies (Ossuary)
  15 gnolls
  10 adders
  2 shadow imps (D:7)
  2 white imps
  2 adder skeletons
  An adder zombie (Ossuary)
  A worm (D:2)
  5 dart slugs
  58 orcs
  9 endoplasms
  5 giant cockroaches
  11 goblins
  A hobgoblin (D:3)
  21 jackals
  5 kobolds
  2 quokkas
  7 ball pythons
  3 bats
  3 frilled lizards
  2 gnoll zombies (Ossuary)
  A goblin zombie (Ossuary)
  2 orc skeletons (D:8)
  2 orc zombies (Ossuary)
  5 rat zombies (Ossuary)
957 creatures vanquished.

Vanquished Creatures (collateral kills)
  An orc high priest (Orc:2)
  An orc sorcerer (Orc:2)
  An orc warrior (Orc:2)
  A gnoll sergeant (Bailey)
  A hound (D:5)
  An orc priest (Orc:2)
  A gnoll shaman (Bailey)
  2 orc wizards (Orc:2)
  A hound skeleton (D:5)
  2 gnolls (Bailey)
  An orc (D:3)
13 creatures vanquished.

Vanquished Creatures (others)
  A dire elephant (D:15)
  A naga warrior (Snake:2)
  A hydra (Lair:6)
  A naga sharpshooter (Snake:2)
  A naga mage (Snake:4)
  2 cane toads
  A komodo dragon (Lair:5)
  A wyvern (D:10)
  2 orc warriors
  A wolf (Lair:5)
  2 centaurs
  A howler monkey (D:5)
  6 orcs
  A rat (D:1)
  36 fungi
  116 plants
174 creatures vanquished.

Grand Total: 1144 creatures vanquished

Notes
Turn   | Place    | Note
-------+----------+-------------------------------------------
     0 | D:5      | dinky3 the Vampire Delver began the quest for the Orb.
     0 | D:5      | Reached XP level 1. HP: 17/17 MP: 1/1
    45 | D:5      | Noticed a hound
    67 | D:5      | Noticed an ogre
    68 | D:5      | Noticed Dowan
    70 | D:5      | Noticed Duvessa
    90 | D:4      | Noticed a hound
   120 | D:3      | Found a runed translucent gate.
   120 | D:3      | Found a runed translucent gate.
   120 | D:3      | Found a runed translucent gate.
   120 | D:3      | Noticed oc3rt's ghost (amateur KoHu)
   201 | D:3      | Found an iron altar of Okawaru.
   201 | D:3      | Found a sacrificial altar of Ru.
   206 | D:3      | Found a snail-covered altar of Cheibriados.
   209 | D:3      | Became a worshipper of Ru the Awakened
   215 | D:3      | Found an opulent altar of Gozag.
   310 | D:3      | Reached skill level 3 in Fighting
   310 | D:3      | Reached XP level 2. HP: 24/24 MP: 2/2
   315 | D:3      | You fall into a shaft and drop 2 floors!
   324 | D:5      | Noticed a small abomination
   326 | D:5      | Found a transporter.
   333 | D:5      | Found a one-way gate to the infinite horrors of the Abyss.
   333 | D:5      | Noticed tasumai's ghost (novice GrBe)
   335 | D:5      | Noticed a small abomination
   355 | D:5      | Found a transporter.
   355 | D:5      | Noticed Sigmund
   392 | D:5      | Noticed a howler monkey
   403 | D:5      | Gained mutation: You are afflicted with vampirism and can
                  | become a bat while bloodless. [Vampire growth]
   403 | D:5      | Reached XP level 3. HP: 26/29 MP: 3/3
   519 | D:5      | Noticed a sky beast
   538 | D:5      | Reached XP level 4. HP: 23/37 MP: 4/4
   604 | D:4      | Reached skill level 4 in Fighting
  1402 | D:3      | Noticed Natasha
  1408 | D:3      | Killed Natasha
  1409 | D:3      | Reached XP level 5. HP: 42/42 MP: 5/5
  1426 | D:3      | Noticed Natasha
  1455 | D:3      | Killed Natasha
  1770 | D:2      | Gained mutation: You are somewhat inexperienced. (-2 XL)
                  | [Ru sacrifice]
  1770 | D:2      | Reached XP level 4. HP: 38/38 MP: 4/4
  1770 | D:2      | Reached XP level 3. HP: 31/31 MP: 3/3
  1770 | D:2      | Reached * piety under Ru
  2301 | D:2      | Found a radiant altar of Vehumet.
  2757 | D:1      | Found a faded altar of an unknown god.
  2793 | D:1      | Reached XP level 4. HP: 38/38 MP: 4/4
  3523 | D:3      | Noticed Natasha
  3532 | D:3      | Killed Natasha
  3533 | D:3      | Reached skill level 10 in Stealth
  3699 | D:4      | Reached skill level 5 in Fighting
  3821 | D:4      | Found a sparkling altar of Nemelex Xobeh.
  4230 | D:4      | Noticed an orc warrior
  4258 | D:4      | Killed an orc warrior
  4259 | D:4      | Reached XP level 5. HP: 37/44 MP: 5/5
  4439 | D:4      | Gained mutation: You cannot train Dodging skill. [Ru
                  | sacrifice]
  4439 | D:4      | Reached ** piety under Ru
  4439 | D:4      | Reached *** piety under Ru
  4571 | D:5      | Reached skill level 1 in Armour
  4754 | D:5      | Reached skill level 6 in Fighting
  4951 | D:4      | Learned a level 3 spell: Confusing Touch
  4972 | D:5      | Killed Sigmund
  4973 | D:5      | Reached XP level 6. HP: 25/53 MP: 6/6
  5224 | D:5      | Killed Duvessa
  5462 | D:5      | Found a runed translucent door.
  5463 | D:5      | Noticed Crazy Yiuf
  5539 | D:5      | Killed Dowan
  5719 | D:6      | Reached skill level 7 in Fighting
  6364 | D:6      | Reached XP level 7. HP: 49/61 MP: 7/7
  6693 | D:6      | Found Vurel's General Store.
  6696 | D:6      | Bought 3 curare-tipped darts for 18 gold pieces
  6769 | D:7      | Found a staircase to the Ecumenical Temple.
  6892 | D:7      | Reached skill level 8 in Fighting
  6892 | D:7      | Reached skill level 5 in Armour
  7056 | D:7      | Noticed Harold
  7160 | D:7      | Killed Harold
  7161 | D:7      | Reached skill level 9 in Fighting
  7910 | D:8      | Gained mutation: You are missing a hand. [Ru sacrifice]
  7910 | D:8      | Reached **** piety under Ru
  7910 | D:8      | Reached ***** piety under Ru
  7913 | D:8      | Found a sand-covered staircase.
  7935 | Ossuary  | Entered an ossuary
  8353 | D:8      | Reached XP level 8. HP: 71/71 MP: 8/8
  8582 | D:8      | Paralysed by a hornet for 3 turns
  8587 | D:8      | Reached skill level 1 in Evocations
  9109 | D:8      | Found a staircase to the Lair.
  9861 | D:9      | Noticed a two-headed ogre
 10415 | D:9      | Killed a two-headed ogre
 10416 | D:9      | Reached skill level 10 in Fighting
 10806 | D:10     | Entered Level 10 of the Dungeon
 11110 | D:10     | Gained mutation: You are somewhat unskilled. (-1 Apt) [Ru
                  | sacrifice]
 11110 | D:10     | Reduced skill Fighting to level 9
 11110 | D:10     | Reached ****** piety under Ru
 11177 | D:10     | Reached XP level 9. HP: 68/78 MP: 9/9
 11649 | D:11     | Reached skill level 10 in Fighting
 11716 | D:11     | Noticed a fire crab
 11722 | D:11     | Killed a fire crab
 11723 | D:11     | Reached skill level 5 in Evocations
 11931 | D:11     | Noticed Grum
 12292 | D:11     | Killed Grum
 12297 | D:11     | Noticed a centaur warrior
 12316 | D:11     | Killed a centaur warrior
 12853 | D:12     | Found a flagged portal.
 12866 | D:12     | Reached skill level 11 in Fighting
 12873 | D:12     | Noticed a two-headed ogre
 12874 | D:12     | Noticed a brown ugly thing
 12876 | Bailey   | Entered a bailey
 14242 | D:12     | Noticed Urug
 14252 | D:12     | Killed Urug
 14253 | D:12     | Reached XP level 10. HP: 66/73 MP: 10/10
 14561 | D:12     | Found a staircase to the Orcish Mines.
 14732 | D:12     | Noticed a two-headed ogre
 14764 | D:12     | Killed a two-headed ogre
 14887 | D:12     | Killed a two-headed ogre
 15532 | D:13     | Found a gate to the Vaults.
 15532 | D:13     | Noticed a centaur warrior
 15532 | D:13     | Noticed a centaur warrior
 15532 | D:13     | Noticed Rupert
 15532 | D:13     | Noticed Maurice
 15532 | D:13     | Noticed a centaur warrior
 15533 | D:13     | Killed a centaur warrior
 15533 | D:13     | Killed a centaur warrior
 15533 | D:13     | Killed a centaur warrior
 15534 | D:13     | Reached skill level 12 in Fighting
 15542 | D:13     | Killed Maurice
 15565 | D:13     | Killed Rupert
 15586 | D:13     | Noticed a five-headed hydra
 15708 | D:13     | Killed a five-headed hydra
 15792 | D:13     | Reached XP level 11. HP: 80/96 MP: 11/11
 15845 | D:13     | Identified the +2 scale mail of Wuaguff {rElec Str+2 Int-2
                  | Dex+7}
 17049 | D:6      | Bought the +7 demon trident of the Shrike {vamp, *Slow
                  | +Rage rN+} for 891 gold pieces
 17470 | D:14     | Noticed Nessos
 17837 | D:14     | Killed Nessos
 17947 | D:14     | Reached skill level 5 in Short Blades
 18064 | D:14     | Noticed a bunyip
 18185 | D:14     | Identified the +0 spear "Vufuizas" {venom, Will++}
 18419 | D:15     | Entered Level 15 of the Dungeon
 18422 | D:15     | Reached skill level 5 in Polearms
 18746 | D:15     | Found a blossoming altar of Fedhas.
 18801 | D:15     | Reached XP level 12. HP: 24/99 MP: 12/12
 20697 | D:15     | Found a staircase to the Depths.
 20788 | Orc:1    | Entered Level 1 of the Orcish Mines
 20795 | Orc:1    | Reached skill level 10 in Polearms
 21022 | Orc:2    | Entered Level 2 of the Orcish Mines
 21254 | Orc:2    | Found Vuewkamuli's Armour Shoppe.
 21353 | Orc:2    | Bought a +0 pair of boots for 76 gold pieces
 21420 | Orc:2    | Found a staircase to the Elven Halls.
 21771 | Orc:2    | Found Fits's Antique Weapon Shop.
 21777 | Orc:2    | Paralysed by an orc sorcerer for 6 turns
 21941 | Orc:2    | Reached skill level 10 in Evocations
 22018 | Orc:2    | Found Hefyrr's Book Emporium.
 22027 | Orc:2    | Found Sunalias's Antique Armour Emporium.
 22029 | Orc:2    | Found Buopluedili's Book Shop.
 22151 | Orc:1    | Found Kuveimp's Antique Weapon Emporium.
 22424 | Orc:2    | Bought a translucent plate armour for 812 gold pieces
 22424 | Orc:2    | Identified the +5 plate armour of Reason {rCorr} (You
                  | bought it in a shop on level 2 of the Orcish Mines)
 22676 | Lair:1   | Entered Level 1 of the Lair of Beasts
 22693 | Lair:1   | Noticed Sonja
 22694 | Lair:1   | Banished Sonja
 22836 | Lair:1   | Noticed Maggie
 22855 | Lair:1   | Killed Maggie
 22908 | Lair:1   | Identified the +2 buckler of Hide-and-Seek {Rampage rF++
                  | rC- MP+9}
 22981 | Lair:1   | Found a runed translucent gate.
 22981 | Lair:1   | Found a runed translucent gate.
 22981 | Lair:1   | Found a runed translucent gate.
 23128 | Lair:1   | Noticed DylanTheDylan's ghost (journeyman TrWz)
 23475 | Lair:1   | Killed DylanTheDylan's ghost
 23666 | Lair:1   | Identified the ring of Lurof {Fire MP+9}
 23818 | Lair:2   | Reached XP level 13. HP: 88/88 MP: 13/13
 23840 | Lair:2   | Reached skill level 1 in Hexes
 23996 | Lair:2   | Noticed Gastronok
 24011 | Lair:2   | Killed Gastronok
 24237 | Lair:3   | Found a staircase to the Shoals.
 24315 | Lair:3   | Found a staircase to the Snake Pit.
 25178 | Lair:4   | Found a dark tunnel.
 25184 | Volcano  | Entered a volcano
 26475 | Lair:5   | Reached skill level 13 in Fighting
 27223 | Lair:5   | Identified the +1 ring mail of Xuet {rF- Dex+4}
 27684 | Lair:5   | You fall into a shaft and drop 1 floor!
 27684 | Lair:6   | Entered Level 6 of the Lair of Beasts
 28346 | Lair:6   | Reached XP level 14. HP: 118/118 MP: 14/14
 28375 | Lair:6   | Found a staircase to the Slime Pits.
 28377 | Lair:6   | Found a viscous altar of Jiyva.
 29468 | Snake:1  | Entered Level 1 of the Snake Pit
 30333 | Snake:1  | Reached skill level 10 in Armour
 30652 | Snake:1  | Found Zimys's Assorted Antiques.
 30660 | Snake:1  | Bought a scroll of magic mapping for 126 gold pieces
 30660 | Snake:1  | Bought a scroll of identify for 72 gold pieces
 30660 | Snake:1  | Bought a scroll of teleportation for 108 gold pieces
 30660 | Snake:1  | Bought a potion of resistance for 360 gold pieces
 30934 | Snake:2  | Noticed Louise
 30941 | Snake:2  | Killed Louise
 30943 | Snake:2  | Noticed Vashnia
 31305 | Snake:2  | Killed Vashnia
 31676 | Snake:2  | Reached skill level 14 in Fighting
 31783 | Snake:2  | Noticed Donald
 31787 | Snake:2  | Killed Donald
 31832 | Snake:2  | Noticed Nikola
 31862 | Snake:2  | Killed Nikola
 31871 | Snake:2  | Identified the +6 dagger of Neog {vorpal, Drain Fly rElec
                  | Str+3}
 33472 | Snake:3  | Reached XP level 15. HP: 123/126 MP: 15/15
 33506 | Snake:3  | Found Voepriy's Self-Improvement Boutique.
 34790 | Snake:4  | Entered Level 4 of the Snake Pit
 39012 | Snake:4  | Got a serpentine rune of Zot
 39286 | Shoals:1 | Entered Level 1 of the Shoals
 39348 | Shoals:1 | Quit the game

Illustrated notes

Levels and vault maps discovered:
D:1:      doesnt_arrival_eight_statues, layout_basic,
          ebering_ecumenical_altar_hall
D:2:      layout_basic, basic_altar, solitary_fountain, minivault_23
D:3:      layout_basic, chequers_temple_overflow_minitemple,
          ebering_ghost_rock_garden, uniq_natasha
D:4:      minmay_general_purpose_star, layout_gridville,
          nemelex_spade_bored_becter
D:5:      layout_rooms, gammafunk_ghost_abyssal_escape, uniq_duvessa,
          uniq_sigmund, uniq_crazy_yiuf_cottage
D:6:      layout_basic, serial_shops, shop, kennysheep_generic_room_8
D:7:      layout_basic, minmay_temple_entry_tees, uniq_harold
D:8:      layout_loops_ring, david_lair_shrubbed,
          nicolae_ossuary_entry_catacombs, minmay_manual_monstrance
D:9:      layout_irregular_city
D:10:     layout_small_grid, kennysheep_generic_room_15
D:11:     layout_cross, lightli_minifort, uniq_grum
D:12:     layout_stronghold, erik_orc_4, enter_bailey_6,
          eino_small_chamber_without_monster, uniq_urug
D:13:     layout_irregular_city, david_vaults_3, uniq_maurice
D:14:     layout_cave_pools, uniq_nessos
D:15:     hangedman_depths_entry_try_elsewhere_first, layout_layer_cave,
          st_stairs_14, fedhas_altar_3
Lair:1:   layout_loops_ring, gammafunk_ghost_icy, uniq_sonja, uniq_maggie
Lair:2:   layout_big_grid, lemuel_old_faithful, uniq_gastronok
Lair:3:   layout_hall_layers, minmay_shoals_entry_beasts,
          guppyfry_snake_entry_island
Lair:4:   layout_long_grid, basic_altar, nicolae_volcano_entry_vermiform,
          grunt_forest_large_clearing_hut, infiniplex_staircase_pool
Lair:5:   regret_index_wax_grids, layout_cave_pods,
          portal_ice_cave_entry_pillars_2, minivault_11
Lair:6:   minmay_lair_end_frog_pond, layout_regular_city, slime_altar_1,
          uniq_rupert
Shoals:1: layout_shoals, serial_shops, shop, nicolae_shoals_lost_giant_hut,
          uniq_frances
Snake:1:  cheibrodos_snake_ritualist_ritual, layout_basic, serial_shops,
          nicolae_shop_crystal
Snake:2:  nicolae_snake_nest, layout_chambers, uniq_donald, uniq_louise,
          uniq_vashnia, uniq_nikola
Snake:3:  layout_basic, nicolae_shop_self_help
Snake:4:  snake_pit, layout_misc_corridors
Orc:1:    layout_caves, serial_shops, nicolae_shop_competitors_out_of_business
Orc:2:    st_orc_elflike, layout_caves, serial_shops, shop

Skill      XL: |  1  2  3  4  5  6  7  8  9 10 11 12 13 14 15 |
---------------+----------------------------------------------+-----
Fighting       | 3 5 6 7 9 9 11 12 13 14 | 14.6
Stealth        | 8 10 12 11 | 11.5
Dodging        | 0 |  0.0
Armour         | 2 4 6 7 8 9 10 11 | 11.2
Evocations     | 4 7 9 10 11 12 | 12.8
Short Blades   | 5 |  5.4
Polearms       | 7 11 12 13 | 13.8
Hexes          | 3 |  3.0

Action                   |  1- 3 |  4- 6 |  7- 9 | 10-12 | 13-15 || total
-------------------------+-------+-------+-------+-------+-------++-------
Melee: Short sword       |    60 |   135 |   804 |       |       ||   999
       Bite              |     9 |    52 |   134 |   102 |   210 ||   507
       Dagger            |    47 |   317 |     2 |   199 |     3 ||   568
       Demon trident     |       |       |       |   525 |  1943 ||  2468
Throw: Dart              |       |    11 |    12 |     2 |     3 ||    28
       Throwing net      |       |       |     1 |     6 |       ||     7
Invok: Sacrifice Experie |     1 |       |       |       |       ||     1
       Sacrifice Nimblen |       |     1 |       |       |       ||     1
       Draw Out Power    |       |       |     5 |     2 |     2 ||     9
       Sacrifice a Hand  |       |       |     1 |       |       ||     1
       Power Leap        |       |       |     5 |     7 |     2 ||    14
       Apocalypse        |       |       |     7 |    13 |    15 ||    35
       Sacrifice Skill   |       |       |     1 |       |       ||     1
 Abil: Evoke Invisibilit |       |       |       |     1 |       ||     1
Evoke: Wand              |     4 |     2 |    12 |    30 |    15 ||    63
       Lightning rod     |       |       |       |     5 |    12 ||    17
       Condenser vane    |       |       |       |       |     3 ||     3
  Use: Scroll            |     2 |     7 |    15 |    14 |     9 ||    47
       Potion            |       |       |     1 |     2 |     4 ||     7
 Stab: Sleeping          |     7 |    18 |    11 |       |       ||    36
       Distracted        |     1 |     2 |     3 |     6 |    12 ||    24
       Held in net/web   |       |       |     2 |     1 |       ||     3
       Invisible         |       |       |     8 |    21 |    30 ||    59
       Paralysed         |       |       |    18 |    38 |    30 ||    86
       Petrified         |       |       |       |     1 |     6 ||     7
       Petrifying        |       |       |       |     1 |       ||     1
       Betrayed ally     |       |       |       |     1 |       ||     1
Armor: Leather armour    |    40 |    65 |       |       |       ||   105
       Chain mail        |       |   121 |   704 |    77 |       ||   902
       Scale mail        |       |       |       |   316 |       ||   316
       Plate armour      |       |       |       |    60 |  1046 ||  1106
Dodge: Dodged            |   103 |   205 |   281 |   305 |   454 ||  1348

Table legend: (Time is in decaauts)
 A = Elapsed time spent in this place.
 B = Non-inter-level travel time spent in this place.
 C = Inter-level travel time spent in this place.
 D = Time resting spent in this place.
 E = Time spent auto-exploring this place.
 F = Levels seen in this place.
 G = Mean time per level.
                   A        B        C        D        E       F      G
               +--------+--------+--------+--------+--------+-----+--------+
         Total |  38900 |  36734 |   2166 |   8862 |  19456 |  31 | 1254.8 |
       Dungeon |  19550 |  18213 |   1337 |   3923 |  10009 |  15 | 1303.3 |
          Lair |   6767 |   6356 |    411 |    250 |   4572 |   6 | 1127.8 |
        Shoals |     53 |     53 |      0 |     36 |      0 |   1 |   53.0 |
     Snake Pit |   9352 |   9069 |    283 |   3822 |   3794 |   4 | 2338.0 |
  Orcish Mines |   1668 |   1535 |    133 |    234 |    817 |   2 |  834.0 |
       Ossuary |    380 |    380 |      0 |     73 |    109 |   1 |  380.0 |
        Bailey |   1113 |   1113 |      0 |    523 |    154 |   1 | 1113.0 |
       Volcano |     13 |     13 |      0 |      0 |      0 |   1 |   13.0 |
               +--------+--------+--------+--------+--------+-----+--------+

Top non-repeatable levels by time:
 Snake:3: 4341 daAuts
 Snake:2: 1994 daAuts
    D:13: 1830 daAuts
    D:12: 1784 daAuts
    D:14: 1745 daAuts
 Snake:1: 1712 daAuts
    D:10: 1683 daAuts
  Lair:5: 1532 daAuts
     D:4: 1452 daAuts
     D:8: 1340 daAuts
  Lair:4: 1328 daAuts
 Snake:4: 1303 daAuts
     D:9: 1287 daAuts
     D:3: 1274 daAuts
  Lair:6: 1260 daAuts
